 Dungeon Crawl Stone Soup version 0.31-a0-246-g8cbcc1cb85 (webtiles) character file.

Game seed: 5819382424195422223

544 qw the Shooter (level 7, -4/59 HPs)
             Began as a Minotaur Hexslinger on July 12, 2023.
             Splashed by a jelly's acid (9 damage)
             ... on level 5 of the Dungeon.
             The game lasted 00:01:25 (3746 turns).

qw the Shooter (Minotaur Hexslinger)                Turns: 3746, Time: 00:01:25

Health: -4/59      AC:  7    Str: 13    XL:     7   Next: 6%
Magic:  7/7        EV: 16    Int: 10    God:
Gold:   99         SH:  0    Dex: 14    Spells: 7/8 levels left

rFire   . . .        m - +0 arbalest
rCold   . . .        (shield currently unavailable)
rNeg    + . .        d - quicksilver dragon scales
rPois   .            (helmet restricted)
rElec   .            h - +0 cloak
rCorr   .            (no gloves)
SInv    .            (no boots)
Will    +....        (no amulet)
Stlth   +            g - +5 ring of evasion
HPRegen 0.29/turn    c - ring of positive energy
MPRegen 0.10/turn

%: no passive effects
@: about to teleport, corroded
A: horns 2, retaliatory headbutt
a: no special abilities


You were on level 5 of the Dungeon.
You visited 1 branch of the dungeon, and saw 5 of its levels.

You collected 259 gold pieces.
You spent 160 gold pieces at shops.


Innate Abilities, Weirdness & Mutations

You have a pair of horns on your head.
You reflexively headbutt those who attack you in melee.


   Skills:
 - Level 4.0 Fighting
 + Level 7.0 Ranged Weapons
 - Level 3.0 Armour
 - Level 2.1 Dodging
 - Level 1.0 Spellcasting
 - Level 2.0 Hexes


You had 7 spell levels left.
You knew the following spells:

 Your Spells              Type           Power      Damage    Failure   Level
a - Slow                  Hex            16%        N/A       30%         1

Your spell library contained the following spells:

 Spells                   Type           Power      Damage    Failure   Level
 Inner Flame              Hex/Fire       2%         N/A       80%         3
 Portal Projectile        Hex/Tloc       4%         N/A       80%         3
 Cause Fear               Hex            2%         N/A       97%         4

Inventory:

Hand Weapons
 m - a +0 arbalest (weapon)
Armour
 d - quicksilver dragon scales (worn)
 h - a +0 cloak (worn)
Jewellery
 c - a ring of positive energy (right hand)
 g - a +5 ring of evasion (left hand)
Scrolls
 a - 4 scrolls of identify
 j - a scroll of teleportation
 l - a scroll of enchant armour {unknown}
Potions
 b - 2 potions of might
 e - a potion of berserk rage {unknown}
 f - 2 potions of haste
 i - a potion of heal wounds {unknown}
 k - 2 potions of curing {unknown}

Dungeon Overview and Level Annotations

Branches:
Dungeon (5/15)
 Temple: D:4-7

Altars:
Kikubaaqudgha
Nemelex Xobeh
Ru
Uskayaw
Wu Jian

Shops:
D:1 *   D:2 [   D:4 [


Message History

Enter note:
Enter note:
Enter note: An ogre comes into view. It is wielding a +0 giant spiked club.
The ogre shouts!
A jelly comes into view.
Enter note:
Enter note:
Enter note:
Enter note:
Enter note:
Enter note:
Enter note: You shoot a bolt.
The bolt completely misses the jelly.
The jelly quivers.
You shoot a bolt. The bolt hits the ogre!
The ogre is moderately wounded.
The jelly misses you.
You shoot a bolt. The bolt hits the jelly!
The jelly is almost dead.
The jelly barely misses you.
You shoot a bolt. The bolt barely misses the jelly.
The jelly hits you. The acid corrodes you!
You are splashed with acid!
The ogre hits you with a +0 giant spiked club!!
The jelly hits you but does no damage.
You shoot a bolt.
The bolt hits the jelly but does no damage.
The jelly is almost dead.
The jelly closely misses you.
The ogre hits you with a +0 giant spiked club!!
The jelly closely misses you.
3745 ||| READING 2 scrolls of teleportation.
As you read the scroll of teleportation, it crumbles to dust.
You feel strangely unstable. The jelly closely misses you. The ogre misses you.
You shoot a bolt.
The bolt hits the jelly but does no damage.
The jelly is almost dead.
The jelly hits you.
You are splashed with acid!
You die...

..>.......................#
.....................###..##
...................##......##
..#......._...###.........).###
.###....._8_.##
#...####......## ## #....._..
#..## ##......## ...... ##.##
##....... .... #..# #.......
#@.# ##...... ......JO.#
#....... .........# #...###..
.........# #..## ##. #.........
#..# ## ##..####... ..# # #..
##.. .# # .. ...


You could see an ogre and a jelly.

Vanquished Creatures
  An ice beast (D:4)
  An ogre (D:4)
  A jelly (D:4)
  A sleepcap (D:5)
  A hound (D:5)
  2 iguanas (D:5)
  Natasha (thrice) (D:4)
  5 adders
  An ufetubus (D:4)
  A worm (D:2)
  3 dart slugs
  3 orcs
  12 endoplasms
  5 giant cockroaches
  6 goblins
  5 hobgoblins
  4 jackals (D:1)
  9 kobolds
  2 quokkas
  9 ball pythons
  4 bats
  5 frilled lizards
  6 rats
90 creatures vanquished.

Notes
Turn   | Place    | Note
-------+----------+-------------------------------------------
     0 | D:1      | qw the Minotaur Hexslinger began the quest for the Orb.
     0 | D:1      | Reached XP level 1. HP: 16/16 MP: 1/1
     0 | D:1      | 0 ||| qw: Version: 0.3-a-52-g30416fa
     0 | D:1      | 0 ||| qw: Game counter: 6337
     0 | D:1      | 0 ||| qw: Melee chars always use a shield: true
     0 | D:1      | 0 ||| qw: God list: Okawaru
     0 | D:1      | 0 ||| qw: Allow faded altars: false
     0 | D:1      | 0 ||| qw: Do Orc after clearing Dungeon:15 true
     0 | D:1      | 0 ||| qw: Do second Lair branch before Depths: true
     0 | D:1      | 0 ||| qw: Lair rune preference: random
     0 | D:1      | 0 ||| qw: Goals: Normal
     0 | D:1      | 0 ||| PLANNING D:1-11
   135 | D:1      | 135 ||| FLEEEEING.
   136 | D:1      | 136 ||| FLEEEEING.
   138 | D:1      | Reached skill level 3 in Ranged Weapons
   138 | D:1      | Reached XP level 2. HP: 22/23 MP: 2/2
   465 | D:1      | Found Zishoagh's General Store.
   469 | D:1      | 469 ||| SHOPLISTING potion of enlightenment (50 gold, have
                  | 9).
   469 | D:1      | 469 ||| SHOPLISTING scroll of identify (20 gold, have 9).
   547 | D:1      | Reached XP level 3. HP: 29/29 MP: 3/3
   643 | D:1      | 643 ||| UPGRADING to quicksilver dragon scales.
   653 | D:1      | 653 ||| DROPPING +0 robe.
   654 | D:1      | 654 ||| UPGRADING to +5 ring of evasion.
   655 | D:1      | 655 ||| READING 3 scrolls labelled LYEFAN USUQEOPP.
   709 | D:1      | 709 ||| READING scroll labelled DUTIFU HILI.
   712 | D:1      | 712 ||| DROPPING 2 scrolls of torment.
   713 | D:1      | 713 ||| DROPPING scroll of poison.
   803 | D:2      | Reached skill level 1 in Armour
   899 | D:2      | Reached skill level 4 in Ranged Weapons
  1086 | D:2      | Found an ancient bone altar of Kikubaaqudgha.
  1226 | D:2      | Reached XP level 4. HP: 36/36 MP: 4/4
  1514 | D:2      | Found Idicelil's Armour Shoppe.
  1572 | D:2      | 1572 ||| READING 3 scrolls labelled HANEEMO ZAOK.
  1573 | D:2      | 1573 ||| READING 2 scrolls of enchant weapon.
  1573 | D:2      | 1573 ||| ENCHANTING +2 sling.
  1574 | D:2      | 1574 ||| READING scroll of enchant weapon.
  1574 | D:2      | 1574 ||| ENCHANTING +3 sling.
  1575 | D:2      | 1575 ||| READING scroll labelled QER COQEUNUEJ.
  1576 | D:2      | 1576 ||| READING scroll labelled POMEUFREUXU.
  1577 | D:2      | 1577 ||| READING scroll labelled TAOPOA JIAKO.
  1578 | D:2      | 1578 ||| READING scroll labelled VAVVER SIACU.
  1629 | D:3      | 1629 ||| STAIRDANCE
  2212 | D:3      | 2212 ||| READING 2 scrolls of identify.
  2212 | D:3      | 2212 ||| IDENTIFYING ruby potion
  2322 | D:3      | Reached skill level 5 in Ranged Weapons
  2443 | D:3      | 2443 ||| READING 2 scrolls of identify.
  2443 | D:3      | 2443 ||| IDENTIFYING inky potion
  2444 | D:3      | 2444 ||| DROPPING potion of lignification.
  2487 | D:4      | Noticed an ogre
  2495 | D:4      | Killed an ogre
  2496 | D:4      | Reached XP level 5. HP: 46/46 MP: 5/5
  2520 | D:4      | 2520 ||| FLEEEEING.
  2723 | D:4      | Noticed Natasha
  2732 | D:4      | Killed Natasha
  2752 | D:4      | Noticed Natasha
  2760 | D:4      | Killed Natasha
  2761 | D:4      | Reached XP level 6. HP: 52/52 MP: 6/6
  2832 | D:4      | Noticed Natasha
  2835 | D:4      | Killed Natasha
  2884 | D:4      | Found Sebryrr's Antique Armour Boutique.
  2892 | D:4      | 2892 ||| BUYING glowing leather armour (160 gold).
  2892 | D:4      | Bought a glowing leather armour for 160 gold pieces
  2905 | D:4      | Noticed an ice beast
  2912 | D:4      | Killed an ice beast
  2913 | D:4      | Reached skill level 6 in Ranged Weapons
  2966 | D:4      | Identified the +6 mace "Deditoot" {freeze, *Slow rF+ rN+
                  | Dex+3}
  3070 | D:4      | 3070 ||| UPGRADING to +0 cloak.
  3075 | D:4      | 3075 ||| DROPPING +2 leather armour of cold resistance.
  3076 | D:4      | 3076 ||| UPGRADING to ring of positive energy.
  3077 | D:4      | 3077 ||| DROPPING ring of flight.
  3078 | D:4      | 3078 ||| DRINKING 3 brown potions.
  3079 | D:4      | 3079 ||| DRINKING 2 smoky green potions.
  3080 | D:4      | 3080 ||| DROPPING potion of brilliance.
  3107 | D:5      | Entered Level 5 of the Dungeon
  3494 | D:5      | Reached skill level 7 in Ranged Weapons
  3494 | D:5      | Reached XP level 7. HP: 38/59 MP: 7/7
  3677 | D:5      | Reached skill level 3 in Armour
  3694 | D:5      | 3694 ||| SWAPPING to +0 arbalest.
  3695 | D:5      | 3695 ||| DROPPING +4 sling.
  3726 | D:5      | Found a sparkling altar of Nemelex Xobeh.
  3727 | D:5      | Found a hide-covered altar of Uskayaw.
  3727 | D:5      | Found a sacrificial altar of Ru.
  3728 | D:5      | Found an ornate altar of the Wu Jian Council.
  3744 | D:5      | HP: 5/59 [ogre/+0 giant spiked club (22)]
  3745 | D:5      | 3745 ||| READING 2 scrolls of teleportation.
  3746 | D:5      | Splashed by a jelly's acid

Levels and vault maps discovered:
D:1:      lightli_arrival_noodles, layout_loops_cross, serial_shops,
          nicolae_shop_just_a_little_nook
D:2:      layout_loops_corners, serial_shops, nicolae_shop_trees, basic_altar,
          minmay_pentomino_p2
D:3:      layout_basic, kennysheep_generic_room_7
D:4:      layout_gridville, serial_shops, shop, uniq_natasha
D:5:      layout_layer_cave, chequers_temple_overflow_statue_of_worship

Skill      XL: |  1  2  3  4  5  6  7 |
---------------+----------------------+-----
Ranged Weapons | 3 4 5 7 |  7.0
Fighting       | 2 4 |  4.0
Armour         | 1 2 3 |  3.0
Dodging        | |  2.1
Spellcasting   | |  1.0
Hexes          | |  2.0

Action                     |  1- 3 |  4- 6 |  7- 9 || total
---------------------------+-------+-------+-------++-------
   Fire: Sling             |   137 |   151 |     6 ||   294
         Arbalest          |       |       |     6 ||     6
    Use: Scroll            |     2 |     9 |     1 ||    12
         Potion            |       |     2 |       ||     2
 Armour: Robe              |     3 |       |       ||     3
         Quicksilver drago |    14 |    19 |     2 ||    35
  Dodge: Dodged            |    51 |    47 |    10 ||   108

Table legend:
 A = Non-vault XP
 B = Vault XP
 C = Vault XP percentage of total XP
 D = Non-vault monster count
 E = Vault monster count
 F = Vault count percentage of total count
                 A         B        C        D         E       F
            +---------+---------+-------+---------+---------+-------
      Total |     738 |      40 |   5.1 |      86 |       4 |   4.4
            +---------+---------+-------+---------+---------+-------
        D:1 |      49 |       0 |   0.0 |      29 |       0 |   0.0
        D:2 |      59 |       3 |   4.8 |      24 |       2 |   7.7
        D:3 |      49 |       2 |   3.9 |      15 |       1 |   6.2
        D:4 |     409 |      35 |   7.9 |      12 |       1 |   7.7
        D:5 |     172 |       0 |   0.0 |       6 |       0 |   0.0
            +---------+---------+-------+---------+---------+-------
